 Dungeon Crawl Stone Soup version 0.31-a0-983-g7b6862f502 (webtiles) character file.

Game seed: 17947573264744677056

70 Azuregosa the Sneak (level 4, -3/27 HPs)
             Began as a Deep Elf Delver on Nov 2, 2023.
             Slain by Natasha (7 damage)
             ... on level 2 of the Dungeon.
             The game lasted 00:07:47 (1502 turns).

Azuregosa the Sneak (Deep Elf Delver)               Turns: 1502, Time: 00:07:48

Health: -3/27      AC:  4    Str:  9    XL:     4   Next: 4%
Magic:  6/9        EV: 12    Int: 17    God:
Gold:   207        SH:  0    Dex: 16    Spells: 6/7 levels left

rFire   . . .        a - +0 falchion
rCold   . . .        (no shield)
rNeg    . . .        b - +0 leather armour
rPois   .            (no helmet)
rElec   .            q - +0 cloak
rCorr   .            (no gloves)
SInv    .            (no boots)
Will    .....        (no amulet)
Stlth   +++          (no ring)
HPRegen 0.24/turn    (no ring)
MPRegen 0.11/turn

%: no passive effects
@: slowed, very slow
A: no striking features
a: no special abilities


You were on level 2 of the Dungeon.
You visited 1 branch of the dungeon, and saw 5 of its levels.

You collected 207 gold pieces.

Inventory:

Hand Weapons
 a - a +0 falchion (weapon)
Missiles
 k - 37 stones
 m - 9 poisoned darts
 o - 4 boomerangs
Armour
 b - a +0 leather armour (worn)
 q - a +0 cloak (worn)
Wands
 g - a wand of digging (3)
Scrolls
 c - a scroll of fog
 e - a scroll of fear
 h - 2 scrolls of poison {unknown}
 i - 2 scrolls of identify {unknown}
 j - a scroll of enchant weapon {unknown}
 l - a scroll of blinking {unknown}
 n - a scroll of immolation {unknown}
Potions
 d - 2 potions of curing {unknown}
 f - 2 potions of haste
 p - a potion of magic {unknown}


   Skills:
 - Level 2.4 Fighting
 - Level 1.7 Long Blades
 - Level 2.4 Dodging
 - Level 7.4 Stealth
 + Level 2.3 Spellcasting
 + Level 0.5 Summonings


You had 6 spell levels left.
You knew the following spells:

 Your Spells              Type           Power      Damage    Failure   Level
a - Summon Small Mammal   Summ           12%        N/A       22%         1

Your spell library contained the following spells:

 Spells                   Type           Power      Damage    Failure   Level
 Wereblood                Tmut           2%         N/A       36%         2
 Call Canine Familiar     Summ           3%         N/A       54%         3
 Summon Guardian Golem    Hex/Summ       2%         N/A       56%         3
 Irradiate                Conj/Tmut      1%         3d12      100%        5
 Orb of Destruction       Conj           1%         9d5       100%        7
 Spellforged Servitor     Conj/Summ      1%         N/A       100%        7


Dungeon Overview and Level Annotations

Branches:
Dungeon (5/15)
 Temple: D:4-7

Altars:

Shops:
D:2 =*

Annotations:
D:2 Natasha


Message History

Your bat's corpse disappears in a puff of smoke!
The cerulean imp closely misses you.
Your bat hits Natasha.
The cerulean imp attacks as it pursues you!
The cerulean imp barely misses you.
The cerulean imp hits you from afar with a +2 spear.
The cerulean imp disappears in a puff of smoke!
Your bat barely misses Natasha.
The cerulean imp attacks as it pursues you!
The cerulean imp hits you from afar with a +2 spear. x2
Your bat misses Natasha.
Your magical contamination has completely faded away.
The cerulean imp attacks as it pursues you!
The cerulean imp closely misses you. Natasha casts a spell at you.
You feel as though you will be slow longer.
The cerulean imp closely misses you. The cerulean imp barely misses you.
Your bat barely misses Natasha.
Natasha claws your bat!
Your bat dies!
Your bat's corpse disappears in a puff of smoke!
The cerulean imp misses you. x2
The cerulean imp hits you from afar with a +2 spear!
* * * LOW HITPOINT WARNING * * *
The cerulean imp hits you but does no damage. x2
The cerulean imp hits you from afar with a +2 spear.
* * * LOW HITPOINT WARNING * * *
The cerulean imp barely misses you.
The cerulean imp disappears in a puff of smoke!
The cerulean imp completely misses you.
Natasha stares at you and mumbles some strange words.
You resist with some effort.
The cerulean imp attacks as it pursues you!
The cerulean imp hits you from afar with a +2 spear.
* * * LOW HITPOINT WARNING * * *
The cerulean imp hits you from afar with a +2 spear.
* * * LOW HITPOINT WARNING * * *
The cerulean imp disappears in a puff of smoke!
Natasha attacks as she pursues you! Natasha claws you!
You die...
Natasha curls up and begins to purr.

..........######..##......#......
...............#..#..#...##......
.............###.##.##...##......
.#..#.......####.#..##..###......
.##.#...##..###..#.###.## #......
.##......#.............# ##......
.###...#....§..........# #.......
.# ###.###..§.......#### #...>...
.# #.# #.#...h@##.# ###.......
.#####.# #.#.....#..####.........
....##.###.#....##....##.#.......
.....................>..........≈
.####....#.#.#.#....#....#......≈
.# #...##.....#..####........>.≈
.# ##..#....#..#..####...........
.###...#.........................
.÷...#.#..###.........####.......


You could see Natasha.

Vanquished Creatures
  2 adders
  A worm (D:2)
  3 bats (D:1)
  8 endoplasms
  2 giant cockroaches (D:1)
  2 goblins (D:1)
  3 hobgoblins
  3 jackals
  3 quokkas
  7 ball pythons
  2 frilled lizards (D:1)
  4 kobolds
  6 rats
46 creatures vanquished.

Notes
Turn   | Place    | Note
-------+----------+-------------------------------------------
     0 | D:5      | Azuregosa the Deep Elf Delver began the quest for the Orb.
     0 | D:5      | Reached XP level 1. HP: 13/13 MP: 3/3
   113 | D:3      | Reached XP level 2. HP: 7/18 MP: 4/4
   286 | D:2      | Found Reoph's Jewellery Shoppe.
   294 | D:2      | Reached skill level 7 in Stealth
   297 | D:2      | Found Uhuepn's General Store.
   426 | D:2      | Noticed Natasha
   443 | D:2      | Learned a level 1 spell: Summon Small Mammal
   481 | D:2      | Reached XP level 3. HP: 20/22 MP: 5/5
   566 | D:1      | Reached skill level 1 in Spellcasting
  1134 | D:1      | Reached XP level 4. HP: 27/27 MP: 9/9
  1502 | D:2      | Slain by Natasha

Illustrated notes

Levels and vault maps discovered:
D:1:      erik_arrival_orb_chamber, layout_loops_ring, minmay_tall_x
D:2:      layout_rooms, serial_shops, shop, nicolae_shop_tiny_waterfront,
          uniq_natasha
D:3:      layout_loops_corners, serial_rivers, chequers_serial_rivers_small_a,
          chequers_serial_rivers_micro_a, chequers_serial_rivers_micro_b,
          chequers_serial_rivers_marsh, gup_sewer_entry_bubbles
D:4:      layout_basic, chequers_temple_overflow_statue_of_worship,
          nicolae_ossuary_entry_plus
D:5:      kb_forest_paths, layout_basic, kennysheep_little_box,
          lemuel_zombie_altar_yredelemnul, uniq_menkaure,
          uniq_crazy_yiuf_cottage

Skill      XL: |  1  2  3 |
---------------+----------+-----
Stealth        | 7 |  7.4
Spellcasting   | 2 |  2.3
Fighting       | |  2.4
Long Blades    | |  1.7
Dodging        | |  2.4
Summonings     | |  0.5

Action                     |  1- 3 |  4- 6 || total
---------------------------+-------+-------++-------
  Melee: Falchion          |   111 |     3 ||   114
         Punch             |     1 |       ||     1
   Cast: Summon Small Mamm |       |     4 ||     4
    Use: Scroll            |     1 |       ||     1
   Stab: Sleeping          |    11 |     2 ||    13
 Armour: Leather armour    |    61 |    16 ||    77
  Dodge: Dodged            |    72 |    16 ||    88

Table legend: (Time is in decaauts)
 A = Elapsed time spent in this place.
 B = Non-inter-level travel time spent in this place.
 C = Inter-level travel time spent in this place.
 D = Time resting spent in this place.
 E = Time spent auto-exploring this place.
 F = Levels seen in this place.
 G = Mean time per level.
                   A        B        C        D        E       F      G
               +--------+--------+--------+--------+--------+-----+--------+
         Total |   1537 |   1492 |     45 |    203 |    597 |   5 |  307.4 |
       Dungeon |   1537 |   1492 |     45 |    203 |    597 |   5 |  307.4 |
               +--------+--------+--------+--------+--------+-----+--------+

Top non-repeatable levels by time:
     D:1: 805 daAuts
     D:2: 490 daAuts
     D:3: 137 daAuts
     D:4: 93 daAuts
     D:5: 11 daAuts
